 Dungeon Crawl Stone Soup version 0.25-a0-435-g4b9beb1024 (webtiles) character file.

Game seed: 7170164977266841718, levelgen mode: deterministic

2874 digijack the Skirmisher (level 9, -12/74 (75) HPs)
             Began as a Demonspawn Gladiator on Jan 25, 2020.
             Was a Believer of Nemelex Xobeh.
             Mangled by a large slime creature (32 damage)
             ... on level 9 of the Dungeon on Jan 26, 2020.
             The game lasted 00:30:49 (8978 turns).

digijack the Skirmisher (Demonspawn Gladiator)      Turns: 8978, Time: 00:30:50

HP:   -12/74 (75)   AC: 11    Str: 21    XL:     9   Next: 47%
MP:   11/12         EV: 15    Int: 11    God:    Nemelex Xobeh [**....]
Gold: 391           SH:  0    Dex: 14    Spells: 8/8 levels left

rFire    . . .     SeeInvis .   a - +2 long sword
rCold    . . .     Gourm    .   (no shield)
rNeg     . . .     Faith    .   t - +2 ring mail {MR+}
rPois    +         Spirit   .   c - +2 helmet
rElec    .         Reflect  .   (no cloak)
rCorr    .         Harm     .   (no gloves)
MR       +....                  (no boots)
Stlth    +.........             (no amulet)
HPRegen  0.22/turn              u - ring of poison resistance
MPRegen  0.13/turn              k - +4 ring of strength

@: about to teleport
A: claws 2, demonic guardian 1, robust 1, sturdy frame 1
a: Draw Escape, Draw Destruction, Draw Summoning, Renounce Religion


You were on level 9 of the Dungeon.
You worshipped Nemelex Xobeh.
Nemelex Xobeh was pleased with you.
You were not hungry.

You visited 2 branches of the dungeon, and saw 10 of its levels.

You collected 391 gold pieces.

Inventory:

Hand Weapons
 a - a +2 long sword (weapon)
Missiles
 d - 4 throwing nets (quivered)
 j - 175 stones
Armour
 c - a +2 helmet (worn)
 t - a +2 ring mail of magic resistance (worn)
Jewellery
 k - a +4 ring of strength (right claw)
 u - a ring of poison resistance (left claw)
Wands
 o - a wand of digging (4)
 s - a wand of flame (20)
 v - a wand of acid (4)
Scrolls
 b - 2 scrolls of remove curse
 e - 4 scrolls of teleportation
 h - 4 scrolls of identify
 l - 4 scrolls of fear
 n - 4 scrolls of magic mapping
Potions
 g - a potion of ambrosia
 i - 2 potions of flight
 m - a potion of invisibility
 p - a potion of heal wounds
 r - a potion of curing
Comestibles
 f - 17 rations
 q - 6 chunks of flesh


   Skills:
 + Level 5.9 Fighting
 + Level 5.9 Long Blades
 + Level 5.5 Throwing
 + Level 4.7 Armour
 + Level 5.9 Dodging
 + Level 4.0 Invocations


You had 8 spell levels left.
You didn't know any spells.
Your spell library was empty.

Dungeon Overview and Level Annotations

Branches:
Dungeon (9/15)             Temple (1/1) D:6
   Lair: D:8-11         Orc: D:9-12

Altars:
Ashenzari
Dithmenos
Elyvilon
Fedhas
Hepliaklqana
Makhleb
Nemelex Xobeh
Okawaru
Qazlal
Ru
Sif Muna
Trog
Uskayaw
Vehumet
Wu Jian
Xom
Yredelemnul
Zin
The Shining One


Innate Abilities, Weirdness & Mutations

You have very sharp fingernails.
A weak demonic guardian rushes to your aid.
You are robust. (+10% HP)
Your movements are slightly less encumbered by armour. (ER -2)


Message History

Unknown command.
You can't go up here!
You slash the large slime creature!
The large slime creature is lightly wounded.
The wyvern misses you. The slime creature hits you!
* * * LOW HITPOINT WARNING * * *
Your shadow imp barely misses the slime creature.
The wyvern closely misses you.
You riposte.
You barely miss the wyvern. The large slime creature misses you.
As you read the scroll of teleportation, it crumbles to dust.
You feel strangely unstable. The slime creature misses you.
You riposte.
You hit the slime creature.
The slime creature is lightly wounded.
The wyvern misses you. The slime creature barely misses you.
You riposte.
You slash the slime creature!
The slime creature is moderately wounded.
Your shadow imp hits the slime creature.
The large slime creature hits you!!
You die...
Your body glows slightly and disappears.

### ..(####
.......#####
...........##..
#....5.......
#.##.#.Jl.#
#......@JW#
######..J......
#.........
#.........
#.........
#.........
#......^..
......!...


You could see a large slime creature, 2 slime creatures, a phantom, a wyvern and
a friendly shadow imp.

Vanquished Creatures
  Pikel (D:4)
  A hippogriff (D:7)
  Eustachio (D:5)
  A wyvern (D:8)
  A slave (D:4)
  An ice beast (D:7)
  2 ogres
  3 centaurs
  A big kobold (D:8)
  A gnoll sergeant (D:8)
  2 wyvern zombies
  A water moccasin zombie (D:8)
  3 scorpions
  A wyvern skeleton (D:6)
  2 crimson imps
  An orc priest (D:5)
  3 orc wizards
  2 hounds (D:5)
  A bullfrog skeleton (D:7)
  An iguana (D:5)
  6 worker ants
  2 hound skeletons
  5 gnolls
  7 adders
  2 oozes
  2 adder skeletons (D:4)
  2 worms
  A dart slug (D:1)
  6 leopard geckos
  13 orcs
  3 ball pythons
  6 bats
  4 giant cockroaches
  9 goblins
  8 hobgoblins
  18 jackals
  10 kobolds
  4 quokkas
  7 frilled lizards
  2 leopard gecko skeletons
  2 quokka skeletons
  A quokka zombie (D:6)
  4 rats
154 creatures vanquished.

Vanquished Creatures (collateral kills)
  A slave (D:4)
  2 necrophages (D:7)
  A wyvern zombie (D:6)
  A crimson imp (D:6)
  A gnoll shaman (D:5)
  5 orc priests
  4 orc wizards
  A worker ant zombie (D:5)
  4 gnolls
  5 orcs
25 creatures vanquished.

Vanquished Creatures (others)
  An adder (D:4)
1 creature vanquished.

Grand Total: 180 creatures vanquished

Notes
Turn   | Place    | Note
-------+----------+-------------------------------------------
     0 | D:1      | digijack the Demonspawn Gladiator began the quest for the
                  | Orb.
     0 | D:1      | Reached XP level 1. HP: 16/16 MP: 1/1
     6 | D:1      | Noticed a hound
     6 | D:1      | Noticed an anaconda
     6 | D:1      | Noticed a lindwurm
     7 | D:1      | Noticed a swamp drake
   144 | D:1      | Gained mutation: You have sharp fingernails. [demonic
                  | ancestry]
   144 | D:1      | Reached XP level 2. HP: 8/22 MP: 2/2
   681 | D:2      | Reached XP level 3. HP: 25/28 MP: 3/3
  1063 | D:2      | Gained mutation: Your movements are slightly less
                  | encumbered by armour. (ER -2) [demonic ancestry]
  1063 | D:2      | Reached XP level 4. HP: 34/34 MP: 4/4
  1428 | D:2      | Found a glowing silver altar of Zin.
  2822 | D:4      | Reached skill level 1 in Armour
  2822 | D:4      | Gained mutation: A weak demonic guardian rushes to your
                  | aid. [demonic ancestry]
  2822 | D:4      | Reached XP level 5. HP: 34/41 MP: 5/5
  2823 | D:4      | Found a white marble altar of Elyvilon.
  3483 | D:4      | Noticed a slave
  3483 | D:4      | Noticed a slave
  3484 | D:4      | Noticed Pikel
  3517 | D:4      | Killed a slave
  3521 | D:4      | Killed a slave
  3575 | D:4      | Paralysed by Pikel for 2 turns
  3576 | D:4      | Noticed a slave
  3582 | D:4      | Paralysed by Pikel for 6 turns
  3585 | D:4      | Noticed a slave
  3595 | D:4      | Paralysed by Pikel for 3 turns
  3602 | D:4      | Paralysed by Pikel for 2 turns
  3614 | D:4      | Killed Pikel
  3614 | D:4      | Reached XP level 6. HP: 39/48 MP: 6/6
  3614 | D:4      | Gained mutation: You are robust. (+10% HP) [demonic
                  | ancestry]
  3614 | D:4      | Reached XP level 7. HP: 39/59 MP: 7/7
  4345 | D:5      | Entered Level 5 of the Dungeon
  4854 | D:5      | Found an iron altar of Okawaru.
  4924 | D:5      | Noticed Eustachio
  4961 | D:5      | Killed Eustachio
  5068 | D:5      | Gained mutation: You have very sharp fingernails. [demonic
                  | ancestry]
  5068 | D:5      | Reached XP level 8. HP: 54/67 MP: 8/8
  5654 | D:6      | Found a shimmering altar of Xom.
  5664 | D:6      | Found a staircase to the Ecumenical Temple.
  5689 | Temple   | Entered the Ecumenical Temple
  5951 | Temple   | Became a worshipper of Nemelex Xobeh the Trickster
  5981 | D:6      | Reached skill level 5 in Dodging
  6006 | D:6      | Reached skill level 5 in Long Blades
  6226 | D:6      | Received a gift from Nemelex Xobeh
  6284 | D:6      | Reached skill level 5 in Fighting
  6450 | D:6      | Reached skill level 1 in Invocations
  7165 | D:7      | Reached skill level 5 in Throwing
  7195 | D:7      | Noticed a hippogriff
  7218 | D:7      | Killed a hippogriff
  7218 | D:7      | Reached XP level 9. HP: 63/73 MP: 9/11
  7346 | D:7      | Reached * piety under Nemelex Xobeh
  7770 | D:7      | Found a shattered altar of Ashenzari.
  8171 | D:8      | Found a hazy altar of Hepliaklqana.
  8614 | D:8      | Upgraded the game from 0.25-a0-429-g4e4398398a to
                  | 0.25-a0-435-g4b9beb1024
  8632 | D:8      | Received a gift from Nemelex Xobeh
  8873 | D:8      | Found a hide-covered altar of Uskayaw.
  8873 | D:8      | Found a sacrificial altar of Ru.
  8911 | D:9      | Reached ** piety under Nemelex Xobeh
  8911 | D:9      | Noticed a two-headed ogre
  8931 | D:9      | Noticed a two-headed ogre
  8978 | D:9      | Mangled by a large slime creature

Levels and vault maps discovered:
D:1:      onia_arrival_zoo_common, layout_basic, minmay_tripent
D:2:      layout_loops_corners, zin_treasury
D:3:      layout_loops_corners
D:4:      layout_basic, elyvilon_altar_4, grunt_ministairs_10, uniq_pikel
D:5:      layout_loops_ring, basic_altar, first_ration, uniq_eustachio
D:6:      layout_rooms, minmay_temple_entry_glass, basic_altar,
          chequers_mini_garden
D:7:      layout_basic, ashenzari_altar_1
D:8:      layout_rooms, old_standard_altar, gammafunk_temple_overflow_wave
D:9:      minmay_ornate_pinched, layout_gridville, lair_entry_dummy,
          minivault_13
Temple:   eino_temple_scatter_basement

Skill      XL: |  1  2  3  4  5  6  7  8  9 |
---------------+----------------------------+-----
Throwing       | 2 3 4 5 |  5.5
Long Blades    | 3 4 5 |  5.9
Dodging        | 3 4 5 |  5.9
Fighting       | 3 4 5 |  5.9
Armour         | 1 2 3 4 |  4.7
Invocations    | 2 4 |  4.0

Action                   |  1- 3 |  4- 6 |  7- 9 || total
-------------------------+-------+-------+-------++-------
Melee: Long sword        |    68 |   153 |   312 ||   533
 Abil: Draw Destruction  |       |       |     2 ||     2
       Draw Summoning    |       |       |     1 ||     1
  Use: Scroll            |     4 |     8 |     7 ||    19
       Potion            |       |     2 |     5 ||     7
 Stab: Sleeping          |     1 |       |       ||     1
       Distracted        |       |     2 |     2 ||     4
  Eat: Chunk             |       |     7 |    16 ||    23
       Ration            |       |       |     1 ||     1
Armor: Leather armour    |    16 |     1 |       ||    17
       Ring mail         |       |    74 |   138 ||   212
       Skin              |       |     7 |       ||     7
Dodge: Dodged            |    43 |   142 |   244 ||   429
       Rpst.: Long sword |    13 |    35 |    77 ||   125

Table legend:
 A = Non-vault XP
 B = Vault XP
 C = Vault XP percentage of total XP
 D = Non-vault monster count
 E = Vault monster count
 F = Vault count percentage of total count
                 A         B        C        D         E       F
            +---------+---------+-------+---------+---------+-------
      Total |    3268 |     839 |  20.4 |     172 |       5 |   2.8
            +---------+---------+-------+---------+---------+-------
        D:1 |      35 |       4 |  10.3 |      16 |       2 |  11.1
        D:2 |     115 |       0 |   0.0 |      28 |       0 |   0.0
        D:3 |      29 |       0 |   0.0 |      15 |       0 |   0.0
        D:4 |     192 |     577 |  75.0 |      12 |       1 |   7.7
        D:5 |     566 |     140 |  19.8 |      26 |       1 |   3.7
        D:6 |     603 |       0 |   0.0 |      27 |       0 |   0.0
        D:7 |     813 |       0 |   0.0 |      19 |       0 |   0.0
        D:8 |     915 |       0 |   0.0 |      29 |       0 |   0.0
        D:9 |       0 |     118 | 100.0 |       0 |       1 | 100.0
            +---------+---------+-------+---------+---------+-------
